 Dungeon Crawl Stone Soup version 0.22-a0-246-gdc04c06 (webtiles) character file.

3770 rb the Severer (level 10, -1/81 HPs)
             Began as a Hill Orc Fighter on Feb 23, 2018.
             Was an Elder of Okawaru.
             Slain by a death yak (11 damage)
             ... on level 8 of the Dungeon.
             The game lasted 00:22:35 (8095 turns).

rb the Severer (Hill Orc Fighter)                   Turns: 8095, Time: 00:22:36

Health: -1/81      AC: 11    Str: 20    XL:     10   Next: 16%
Magic:  12/12      EV:  9    Int:  8    God:    Okawaru [****..]
Gold:   589        SH:  0    Dex: 13    Spells: 9/9 levels left

rFire    + + .     SeeInvis .   a - +1 war axe
rCold    x . .     Gourm    .   (no shield)
rNeg     . . .     Faith    .   o - +1 fire dragon scales
rPois    .         Spirit   .   (no helmet)
rElec    .         Reflect  .   (no cloak)
rCorr    .         Harm     .   (no gloves)
MR       .....                  i - +0 pair of boots
Stlth    +.........             (no amulet)
HPRegen  0.23/turn              s - ring of stealth
MPRegen  0.13/turn              (no ring)

@: no status effects
A: no striking features
a: Heroism, Renounce Religion


You were on level 8 of the Dungeon.
You worshipped Okawaru.
Okawaru was greatly pleased with you.
You were hungry.

You visited 2 branches of the dungeon, and saw 9 of its levels.
You also visited: Ossuary.

You collected 589 gold pieces.

Inventory:

Hand Weapons
 a - a +1 war axe (weapon)
 I - a +2 mace of crushing
Missiles
 h - 325 stones
 p - 16 javelins (quivered)
 u - 9 tomahawks
 z - a throwing net
Armour
 b - a +0 scale mail
 c - a +0 shield
 i - a +0 pair of boots (worn)
 o - +1 fire dragon scales (worn)
 q - a +0 large shield
Jewellery
 s - a ring of stealth (left hand)
Wands
 H - a wand of flame (22)
Scrolls
 g - 2 scrolls of magic mapping
 l - 3 scrolls of remove curse
 r - 7 scrolls of teleportation
 t - 7 scrolls of identify
 C - a scroll of blinking
Potions
 d - 2 potions of might
 e - 2 potions of berserk rage {unknown}
 j - 3 potions of curing
 k - 7 potions of brilliance
 m - a potion of magic {unknown}
 n - 2 potions of agility
 v - 3 potions of degeneration {unknown}
 x - 2 potions of flight {unknown}
 A - 2 potions of haste {unknown}
 B - a potion of mutation {unknown}
 E - 2 potions of ambrosia {unknown}
 G - a potion of lignification {unknown}
Comestibles
 f - 11 rations {@e1}
 F - 16 chunks of flesh {@w0}


   Skills:
 + Level 5.1 Fighting
 - Level 16.0 Axes
 + Level 4.5 Armour
 + Level 4.5 Shields
 + Level 3.5 Invocations


You had 9 spell levels left.
You didn't know any spells.

Dungeon Overview and Level Annotations

Branches:
Dungeon (8/15)             Temple (1/1) D:5            Lair (0/6) D:8

Altars:
Ashenzari
Cheibriados
Dithmenos
Elyvilon
Fedhas
Gozag
Hepliaklqana
Kikubaaqudgha
Makhleb
Nemelex Xobeh
Okawaru
Qazlal
Ru
Sif Muna
Trog
Uskayaw
Vehumet
Wu Jian
Xom
Yredelemnul
Zin
The Shining One

Shops:
D:8 *

Annotations:
D:8 2 transporters


Message History

You barely miss the death yak. The death yak barely misses you.
You barely miss the death yak. The death yak completely misses you.
You slash the death yak! You slash the death yak! The death yak gores you!
* * * LOW HITPOINT WARNING * * *
You take 14 damage, and have 3/81 hp.
You feel much better.
The death yak gores you but does no damage.
You regained 18 hp, and now have 21/81 hp.
You hit the death yak. The death yak barely misses you.
You completely miss the death yak.
You feel like a meek peon again.
Your fire dragon scales prevents you from hitting the death yak.
The death yak barely misses you.
You hit the death yak but do no damage. The death yak gores you!!
* * * LOW HITPOINT WARNING * * *
You take 18 damage, and have 4/81 hp.
MASSIVE DAMAGE!!
You feel better. The death yak gores you!
You die...

...# .......... ...### #.
####.......> . ....... ..
........Y#. ..
...#####.####..##.....#...
..## #..#.. ... .........
#..####.##.# #.# #........
......#.##.###.# #..#.....
..#............###Y.......
................@YY#####..
..##.......#######$.....#
........#### ..####.#
...###### ### .....# #§§
...#.####.§ §§#....
##...#..#?$ .#....
#.....©#©$ §#©..
##......#![ #..#


You could see 3 death yaks.

Vanquished Creatures
  The ghost of Maxmaps the Gusty, a novice DsWn (D:5)
  Grinder (D:6)
  2 hippogriffs (D:8)
  Eustachio (D:6)
  A water moccasin (D:8)
  A sky beast (D:6)
  An orc warrior (D:7)
  3 ogres
  2 centaurs
  An elf zombie (D:5)
  6 bullfrogs
  An elf skeleton (D:5)
  A scorpion (D:5)
  3 killer bees (D:8)
  2 howler monkeys
  4 centaur zombies (Ossuary)
  2 hounds (D:4)
  7 crimson imps
  A jelly (D:6)
  2 bullfrog skeletons
  3 orc priests
  3 orc wizards
  A centaur skeleton (D:4)
  2 iguanas
  8 worker ants
  3 big kobold zombies (Ossuary)
  A hound skeleton (D:5)
  4 mummies (Ossuary)
  3 gnolls (D:4)
  6 adders
  2 river rats (D:5)
  3 shadow imps
  2 oozes
  2 adder zombies
  2 adder skeletons
  3 worms
  3 dart slugs
  3 leopard geckos
  15 orcs
  15 bats
  7 giant cockroaches
  11 goblins
  8 hobgoblins
  12 jackals
  3 quokkas
  3 ball pythons
  4 frilled lizards
  4 hobgoblin zombies (Ossuary)
  13 kobolds
  4 orc skeletons (D:5)
  7 rats
203 creatures vanquished.

Notes
Turn   | Place    | Note
-------+----------+-------------------------------------------
     0 | D:1      | rb the Hill Orc Fighter began the quest for the Orb.
     0 | D:1      | Reached XP level 1. HP: 19/19 MP: 1/1
    42 | D:1      | Reached skill level 3 in Axes
    90 | D:1      | Reached XP level 2. HP: 26/26 MP: 2/2
   114 | D:1      | Reached skill level 4 in Axes
   314 | D:1      | Reached XP level 3. HP: 31/31 MP: 3/3
   748 | D:2      | Reached skill level 5 in Axes
  1187 | D:2      | Reached XP level 4. HP: 39/39 MP: 4/4
  1410 | D:2      | Reached skill level 6 in Axes
  2192 | D:3      | Found a sacrificial altar of Ru.
  2569 | D:3      | Reached XP level 5. HP: 45/45 MP: 5/5
  2572 | D:3      | Reached skill level 7 in Axes
  2692 | D:3      | Found a glowing golden altar of the Shining One.
  2787 | D:4      | Found an iron altar of Okawaru.
  2795 | D:4      | Became a worshipper of Warmaster Okawaru
  2843 | D:4      | Reached skill level 8 in Axes
  2843 | D:4      | Reached XP level 6. HP: 35/51 MP: 6/6
  3166 | D:4      | Found a snail-covered altar of Cheibriados.
  3221 | D:4      | Found a white marble altar of Elyvilon.
  3221 | D:4      | Found a glowing silver altar of Zin.
  3226 | D:4      | Found a shattered altar of Ashenzari.
  3228 | D:4      | Found a faded altar of an unknown god.
  3230 | D:4      | Found a faded altar of an unknown god.
  3310 | D:4      | Reached skill level 9 in Axes
  3341 | D:4      | Reached * piety under Okawaru
  3549 | D:5      | Entered Level 5 of the Dungeon
  3582 | D:5      | Reached XP level 7. HP: 50/57 MP: 7/7
  3588 | D:5      | Found a staircase to the Ecumenical Temple.
  3668 | D:5      | Reached skill level 10 in Axes
  3699 | D:5      | Noticed Maxmaps's ghost (novice DsWn)
  3720 | D:5      | Killed Maxmaps's ghost
  3720 | D:5      | Reached skill level 11 in Axes
  3836 | D:5      | Reached XP level 8. HP: 51/64 MP: 8/8
  3849 | D:5      | Found a radiant altar of Vehumet.
  4021 | D:5      | Reached skill level 12 in Axes
  4071 | D:5      | Found a sand-covered staircase.
  4086 | D:5      | Reached ** piety under Okawaru
  4090 | Ossuary  | Entered an ossuary
  4438 | Ossuary  | Reached skill level 13 in Axes
  5331 | Temple   | Entered the Ecumenical Temple
  5685 | D:6      | Noticed Eustachio
  5718 | D:6      | Killed Eustachio
  5718 | D:6      | Reached skill level 14 in Axes
  5718 | D:6      | Reached XP level 9. HP: 42/70 MP: 9/9
  5799 | D:6      | Noticed Grinder
  5820 | D:6      | Killed Grinder
  6036 | D:6      | Reached *** piety under Okawaru
  6037 | D:6      | Reached skill level 15 in Axes
  6251 | D:6      | Found a blossoming altar of Fedhas.
  6298 | D:6      | Found a stormy altar of Qazlal.
  6886 | D:7      | Reached skill level 16 in Axes
  7192 | D:7      | Found a radiant altar of Vehumet.
  7345 | D:7      | Found a hide-covered altar of Uskayaw.
  7352 | D:7      | Found an ancient bone altar of Kikubaaqudgha.
  7376 | D:7      | Found a burning altar of Makhleb.
  7376 | D:7      | Noticed a cacodemon
  7607 | D:8      | Reached skill level 1 in Invocations
  7647 | D:8      | Found a transporter.
  7659 | D:8      | Reached XP level 10. HP: 52/80 MP: 11/11
  7752 | D:8      | Reached **** piety under Okawaru
  7891 | D:8      | Found a transporter.
  7924 | D:8      | Reached skill level 5 in Fighting
  7962 | D:8      | Found Julof's General Store.
  8063 | D:8      | Found a staircase to the Lair.
  8063 | D:8      | Noticed a death yak
  8064 | D:8      | Noticed a death yak
  8065 | D:8      | Noticed a death yak
  8089 | D:8      | HP: 3/81 [death yak (14)]
  8094 | D:8      | HP: 4/81 [death yak (18)]
  8095 | D:8      | Slain by a death yak

Vault maps used:
D:1:      minmay_arrival_loop
D:2:      first_ration, minmay_unequal
D:3:      old_standard_altar, marbit_many_paths
D:4:      chequers_temple_overflow_minitemple, kennysheep_slug_shrine,
          okawaru_metal_pillars_3, grunt_ministairs_12, kennysheep_dice
D:5:      kennysheep_mini_moat, temple_fountains,
          nicolae_ossuary_entry_catacombs, portal_sewer_entry_e
D:6:      grunt_temple_overflow_forces_of_nature,
          eino_small_chamber_without_monster, uniq_grinder, uniq_eustachio
D:7:      makhleb_altar_promises_db, chequers_temple_overflow_statue_of_worship,
          basic_altar
D:8:      gammafunk_cloud_chamber, dpeg_lair_monsters, serial_shops, shop
Temple:   compressed_dpeg_triangle_lava_temple
Ossuary:  ossuary_the_hunt_dpeg

Skill      XL: |  1  2  3  4  5  6  7  8  9 10 |
---------------+-------------------------------+-----
Axes           | 3 4 5 6 8 9 11 14 16 | 16.0
Invocations    | 2 3 |  3.5
Fighting       | 4 5 |  5.1
Armour         | 4 |  4.5
Shields        | 4 |  4.5

Action                   |  1- 3 |  4- 6 |  7- 9 | 10-12 || total
-------------------------+-------+-------+-------+-------++-------
Melee: War axe           |    86 |   213 |   394 |    67 ||   760
       Punch             |       |       |     1 |       ||     1
Throw: Javelin           |       |       |     4 |       ||     4
Invok: Heroism           |       |       |     5 |     1 ||     6
  Use: Scroll            |     3 |     4 |     5 |       ||    12
       Potion            |       |       |     5 |     2 ||     7
 Stab: Held in net/web   |       |       |     1 |       ||     1
  Eat: Chunk             |     1 |     8 |    13 |     1 ||    23
Armor: Scale mail        |    56 |    50 |       |       ||   106
       Fire dragon scale |       |    88 |   162 |    30 ||   280
Dodge: Dodged            |    57 |   109 |   130 |    20 ||   316

Table legend:
 A = Spawn XP
 B = Non-spawn XP
 C = Spawn XP percentage of total XP
 D = Spawn monster count
 E = Non-spawn monster count
 F = Spawn count percentage of total count
 G = Total turns spent on level
                    A         B        C        D         E        F      G
               +---------+---------+-------+---------+---------+-------+---------
         Total |       0 |    5386 |   0.0 |       0 |     203 |   0.0 |  8095
               +---------+---------+-------+---------+---------+-------+---------
           D:1 |       0 |      50 |   0.0 |       0 |      26 |   0.0 |   736
           D:2 |       0 |      73 |   0.0 |       0 |      26 |   0.0 |  1302
           D:3 |       0 |     104 |   0.0 |       0 |      26 |   0.0 |   698
           D:4 |       0 |     385 |   0.0 |       0 |      22 |   0.0 |   813
           D:5 |       0 |    1248 |   0.0 |       0 |      33 |   0.0 |  1422
           D:6 |       0 |    1453 |   0.0 |       0 |      24 |   0.0 |   997
           D:7 |       0 |     379 |   0.0 |       0 |      13 |   0.0 |   932
           D:8 |       0 |    1355 |   0.0 |       0 |      18 |   0.0 |   498
       Ossuary |       0 |     339 |   0.0 |       0 |      15 |   0.0 |   414
               +---------+---------+-------+---------+---------+-------+---------
